 Dungeon Crawl Stone Soup version 0.30.0-29-ga12c61a403 (webtiles) character file.

Game seed: 4559853194641732074

464 Irreverend the Sneak (level 6, 32/32 HPs)
             Began as a Spriggan Hunter on June 5, 2023.
             Quit the game on level 4 of the Dungeon.
             The game lasted 00:06:12 (2904 turns).

Irreverend the Sneak (Spriggan Hunter)              Turns: 2904, Time: 00:06:13

Health: 32/32      AC:  3    Str:  7    XL:     6   Next: 80%
Magic:  7/7        EV: 20    Int: 11    God:
Gold:   138        SH:  0    Dex: 20    Spells: 5/5 levels left

rFire   . . .        a - +0 shortbow
rCold   . . .        (shield currently unavailable)
rNeg    . . .        c - +0 robe
rPois   .            (helmet restricted)
rElec   .            h - +0 cloak
rCorr   .            (gloves unavailable)
SInv    +            (boots unavailable)
Will    +....        (no amulet)
Stlth   +++          (no ring)
HPRegen 0.25/turn    (no ring)
MPRegen 0.10/turn

%: no passive effects
@: very quick
A: very small, no large weapons, unfitting armour, see invisible, speed 3
a: no special abilities


You were on level 4 of the Dungeon.
You visited 1 branch of the dungeon, and saw 4 of its levels.

You collected 138 gold pieces.

Inventory:

Hand Weapons
 a - a +0 shortbow (weapon)
Armour
 c - a +0 robe (worn)
 h - a +0 cloak (worn)
Scrolls
 b - a scroll of immolation
 d - a scroll of amnesia {unknown}
 f - a scroll of identify {unknown}
 g - a scroll of brand weapon {unknown}
 k - a scroll of enchant weapon {unknown}
 l - a scroll of magic mapping {unknown}
 m - 2 scrolls of enchant armour {unknown}
 n - a scroll of poison {unknown}
 o - a scroll of blinking {unknown}
 p - a scroll of vulnerability {unknown}
Potions
 e - 2 potions of degeneration {unknown}
 i - 2 potions of heal wounds {unknown}
 j - a potion of haste {unknown}
 q - a potion of attraction {unknown}
 r - a potion of lignification {unknown}
 s - a potion of might {unknown}


   Skills:
 + Level 3.2 Fighting
 + Level 5.3 Ranged Weapons
 + Level 5.4 Dodging
 + Level 5.6 Stealth


You had 5 spell levels left.
You didn't know any spells.
Your spell library contained the following spells:

 Spells                   Type           Power      Damage    Failure   Level
 Stone Arrow              Conj/Erth      0%         3d7       71%         3
 Animate Armour           Summ/Erth      0%         N/A       98%         4
 Lehudib's Crystal Spear  Conj/Erth      0%         10d2      100%        8


Dungeon Overview and Level Annotations

Branches:
Dungeon (4/15)
 Temple: D:4-7

Altars:
Cheibriados
Dithmenos
Hepliaklqana
Ru

Shops:
D:2 (


Innate Abilities, Weirdness & Mutations

You are very small and have problems with some larger weapons.
You are too small for most types of armour.
You have supernaturally acute eyesight. (SInv)
You cover ground extremely quickly. (Speed+++)


Message History

A goblin comes into view. It is wielding a +0 club.
You shoot an arrow. The arrow hits the goblin!
You kill the goblin!
An endoplasm comes into view.
You shoot an arrow. The arrow hits the endoplasm.
The endoplasm is heavily wounded.
The endoplasm completely misses you.
You shoot an arrow. The arrow hits the endoplasm.
The endoplasm is almost dead.
The endoplasm hits you but does no damage.
The endoplasm misses you.
You shoot an arrow. The arrow hits the endoplasm!
You kill the endoplasm!
You see here a +0 club.
Found a stone staircase leading down.
A goblin comes into view. It is wielding a +0 club.
You shoot an arrow. The arrow hits the goblin.
The goblin is severely wounded.
You shoot an arrow. The arrow barely misses the goblin.
You shoot an arrow. The arrow barely misses the goblin.
You shoot an arrow. The arrow hits the goblin.
You kill the goblin!
A ball python comes into view.
You shoot an arrow. The arrow hits the ball python!
You kill the ball python!
You hear the slow hiss of a very distant avalanche of sand.
There is a stone staircase leading down here.
Found a shadowy altar of Dithmenos.
You now have 138 gold pieces (gained 19).
Found a fuming coppery potion.
Found a hazy altar of Hepliaklqana.
You pick up a book of Armaments and begin reading...
You add the spells Stone Arrow, Animate Armour and Lehudib's Crystal Spear to your library.
The ancestor shouts!
There is a hazy altar of Hepliaklqana here.
s - a fuming coppery potion
There is a hazy altar of Hepliaklqana here.
You kneel at the altar of Hepliaklqana.
Unknown command.
Press < or > to pray at altars.
Are you sure you want to abandon this character and quit the game? (Confirm with "yes".)

#.#######
#.# #.####
#....##
#.##..#
#.##..####
###....#.#
##§#....#§§#
#§§#@.._#§.#
#§R#....#W##
##§#....###
###...###
#####


You could see an ancestor and a shadow.

Vanquished Creatures
  Grinder (D:3)
  An orc priest (D:3)
  Natasha (thrice) (D:3)
  An orc wizard (D:3)
  2 adders
  A white imp (D:4)
  2 worms (D:2)
  3 dart slugs
  5 orcs
  10 endoplasms
  A giant cockroach (D:2)
  13 goblins
  4 hobgoblins
  4 jackals (D:1)
  4 quokkas
  9 ball pythons
  6 bats
  4 frilled lizards
  8 kobolds
  4 rats (D:3)
86 creatures vanquished.

Notes
Turn   | Place    | Note
-------+----------+-------------------------------------------
     0 | D:1      | Irreverend the Spriggan Hunter began the quest for the Orb.
     0 | D:1      | Reached XP level 1. HP: 10/10 MP: 2/2
    95 | D:1      | Reached XP level 2. HP: 11/15 MP: 3/3
   492 | D:1      | Reached XP level 3. HP: 18/18 MP: 4/4
   806 | D:2      | Found a snail-covered altar of Cheibriados.
  1182 | D:2      | Reached XP level 4. HP: 23/23 MP: 5/5
  1307 | D:2      | Found Nunaech's Antique Weapon Boutique.
  1555 | D:3      | Noticed Grinder
  1590 | D:3      | Paralysed by Grinder for 2 turns
  1657 | D:3      | Killed Grinder
  1658 | D:3      | Reached skill level 5 in Ranged Weapons
  1658 | D:3      | Reached XP level 5. HP: 22/28 MP: 6/6
  1658 | D:3      | Reached XP level 6. HP: 25/32 MP: 7/7
  1858 | D:3      | Found a sacrificial altar of Ru.
  1969 | D:3      | Found a faded altar of an unknown god.
  2128 | D:3      | Reached skill level 5 in Stealth
  2135 | D:3      | Reached skill level 5 in Dodging
  2353 | D:3      | Noticed Natasha
  2358 | D:3      | Killed Natasha
  2453 | D:3      | Noticed Natasha
  2456 | D:3      | Killed Natasha
  2659 | D:3      | Noticed Natasha
  2676 | D:3      | Killed Natasha
  2889 | D:4      | Noticed a shadow
  2892 | D:4      | Found a shadowy altar of Dithmenos.
  2894 | D:4      | Found a hazy altar of Hepliaklqana.
  2904 | D:4      | Quit the game

Illustrated notes

Levels and vault maps discovered:
D:1:      ncdulo_wetmaze, layout_loops_ring, hangedman_decor_clover_reticule
D:2:      layout_basic, basic_altar, serial_shops, nicolae_shop_tiny_waterfront
D:3:      layout_basic, nicolae_ru_the_path_less_chosen,
          dreamdust_ecumenical_altar_hidden_monk_grotto, kennysheep_minor_cross,
          minmay_hedge_maze, chequers_big_river, minmay_cut_off, uniq_natasha,
          uniq_grinder
D:4:      layout_basic, riverfiend_overflow_shadow_ancestor,
          gup_ossuary_entry_pyramid, chequers_serial_rivers_micro_a,
          uniq_duvessa, uniq_menkaure

Skill      XL: |  1  2  3  4  5  6 |
---------------+-------------------+-----
Stealth        | 2 3 4 5 |  5.6
Dodging        | 3 4 5 |  5.4
Fighting       | 2 3 |  3.2
Ranged Weapons | 5 |  5.3

Action                     |  1- 3 |  4- 6 || total
---------------------------+-------+-------++-------
   Fire: Shortbow          |    98 |   133 ||   231
 Armour: Robe              |     5 |     3 ||     8
  Dodge: Dodged            |    19 |    15 ||    34
